 Dungeon Crawl Stone Soup version 0.22.1-1-ga44c0e5 (webtiles) character file.

54 topirishpotato the Digger (level 3, -5/31 HPs)
             Began as a Gnoll Wanderer on Sept 23, 2018.
             Was an Initiate of Okawaru.
             Slain by a gnoll
             ... wielding a +0 club
              (8 damage)
             ... on level 2 of the Dungeon.
             The game lasted 00:03:53 (1549 turns).

topirishpotato the Digger (Gnoll Wanderer)          Turns: 1549, Time: 00:03:53

Health: -5/31      AC:  4    Str: 13 (14) XL:     3   Next: 91%
Magic:  1/1        EV: 11    Int: 15 (17) God:    Okawaru [......]
Gold:   124        SH:  0    Dex: 10 (12) Spells: 3/4 levels left

rFire    + + .     SeeInvis .   n - +2 dagger (antimagic)
rCold    + + .     Gourm    .   (no shield)
rNeg     + . .     Faith    .   e - +2 robe
rPois    +         Spirit   .   (no helmet)
rElec    +         Reflect  .   c - scarf {rC+ rF+}
rCorr    +         Harm     .   (no gloves)
MR       .....                  (no boots)
Stlth    ++........             (no amulet)
HPRegen  0.10/turn              o - ring of positive energy
MPRegen  0.07/turn              i - ring of poison resistance

@: resistant, flying
A: distributed training, fangs 1, strong nose
a: Renounce Religion


You were on level 2 of the Dungeon.
You worshipped Okawaru.
Okawaru was noncommittal.
You were very hungry.

You visited 1 branch of the dungeon, and saw 4 of its levels.

You collected 124 gold pieces.

Inventory:

Hand Weapons
 a - a +2 dagger
 n - a +2 antimagic dagger (weapon)
Armour
 c - a scarf of resistance (worn)
 e - a +2 robe (worn)
Jewellery
 i - a ring of poison resistance (right hand)
 o - a ring of positive energy (left hand)
 q - an uncursed ring of wizardry
Scrolls
 g - a scroll of identify
 k - a scroll of fog
 p - a scroll of fear {unknown}
 r - a scroll of magic mapping {unknown}
 s - a scroll of teleportation {unknown}
Potions
 b - a potion of berserk rage
 d - a potion of curing
 m - 2 potions of brilliance
Comestibles
 f - a ration


   Skills:
 + Level 4.6 Fighting
 + Level 1.0 Short Blades
 + Level 1.0 Long Blades
 + Level 1.0 Axes
 + Level 1.0 Maces & Flails
 + Level 1.0 Polearms
 + Level 1.0 Staves
 + Level 1.0 Slings
 + Level 1.0 Bows
 + Level 1.0 Crossbows
 + Level 1.0 Throwing
 + Level 2.6 Armour
 + Level 1.0 Dodging
 + Level 4.2 Stealth
 + Level 1.0 Shields
 + Level 1.0 Unarmed Combat
 + Level 1.0 Spellcasting
 + Level 0.7 Conjurations
 + Level 0.7 Hexes
 + Level 0.7 Charms
 + Level 0.7 Summonings
 + Level 0.7 Necromancy
 + Level 0.7 Translocations
 + Level 0.7 Transmutations
 + Level 0.7 Fire Magic
 + Level 0.7 Ice Magic
 + Level 3.8 Air Magic
 + Level 5.4 Earth Magic
 + Level 0.7 Poison Magic
 + Level 1.0 Invocations
 + Level 1.0 Evocations


You had 3 spell levels left.
You knew the following spells:

 Your Spells              Type           Power        Failure   Level  Hunger
a - Shock                 Conj/Air       #...         10%         1    ##.....

Your spell library contained the following spells:

 Spells                   Type           Power        Failure   Level  Hunger
 Mephitic Cloud           Conj/Pois/Air  #.......     36%         3    ####...


Dungeon Overview and Level Annotations

Branches:
Dungeon (4/15)
 Temple: D:4-7

Altars:
Okawaru


Innate Abilities, Weirdness & Mutations

Your experience applies equally to all skills.
You have very sharp teeth.
Your uncanny sense of smell can sniff out nearby items.


Message History

You hit the gnoll.
The gnoll is severely wounded.
The gnoll hits you but does no damage.
You barely miss the gnoll.
The gnoll is severely wounded.
A quokka comes into view.
The gnoll barely misses you. The gnoll hits you.
* * * LOW HITPOINT WARNING * * *
The quokka moves out of view.
It was a potion of flight.
You feel very buoyant.
You fly up into the air.
The gnoll barely misses you. The gnoll misses you.
It was a potion of resistance.
You feel protected. The gnoll barely misses you.
The gnoll completely misses you.
It was a potion of degeneration.
There was something very wrong with that liquid.
You feel weakened.
You feel dopey.
You feel clumsy. The gnoll barely misses you. The gnoll hits you with a club!
You die...

.........###...#......
..........# #...#......
...........###...##....#
....#.##...##..........#
....'..'...''..........+
....#..#...##..........#
......................##
#....g..(............##
#....g@..............##
......gg..............#
......................#
...####...............##
.. ...........#####.. .
....#.......# #..
....#.......# #..
....#.......# #..
...........#######


You could see 3 gnolls and a goblin.

Vanquished Creatures
  2 adders (D:2)
  3 ball pythons (D:1)
  2 bats
  3 giant cockroaches
  7 goblins
  4 hobgoblins
  4 jackals (D:2)
  A kobold (D:2)
  2 frilled lizards
  3 rats (D:2)
31 creatures vanquished.

Notes
Turn   | Place    | Note
-------+----------+-------------------------------------------
     0 | D:1      | topirishpotato the Gnoll Wanderer began the quest for the
                  | Orb.
     0 | D:1      | topirishpotato set off with: a +2 dagger, a potion of
                  | berserk rage, a potion of curing, a +0 robe, a ration
     0 | D:1      | Reached XP level 1. HP: 20/20 MP: 1/1
   301 | D:1      | Reached XP level 2. HP: 26/26 MP: 2/2
   666 | D:1      | Learned a level 1 spell: Shock
   940 | D:2      | Reached XP level 3. HP: 31/31 MP: 0/3
  1138 | D:2      | You fall through a shaft for 2 floors!
  1157 | D:3      | Reached skill level 1 in Invocations
  1185 | D:3      | Found an iron altar of Okawaru.
  1203 | D:3      | Became a worshipper of Warmaster Okawaru
  1289 | D:2      | Reached skill level 1 in Short Blades
  1289 | D:2      | Reached skill level 1 in Long Blades
  1289 | D:2      | Reached skill level 1 in Axes
  1289 | D:2      | Reached skill level 1 in Maces & Flails
  1289 | D:2      | Reached skill level 1 in Polearms
  1289 | D:2      | Reached skill level 1 in Staves
  1289 | D:2      | Reached skill level 1 in Slings
  1289 | D:2      | Reached skill level 1 in Bows
  1289 | D:2      | Reached skill level 1 in Crossbows
  1289 | D:2      | Reached skill level 1 in Throwing
  1289 | D:2      | Reached skill level 1 in Dodging
  1289 | D:2      | Reached skill level 1 in Shields
  1289 | D:2      | Reached skill level 1 in Unarmed Combat
  1289 | D:2      | Reached skill level 1 in Spellcasting
  1289 | D:2      | Reached skill level 1 in Evocations
  1549 | D:2      | Slain by a gnoll

Skill      XL: |  1  2  3 |
---------------+----------+-----
Invocations    | 1 |  1.0
Short Blades   | 1 |  1.0
Long Blades    | 1 |  1.0
Axes           | 1 |  1.0
Maces & Flails | 1 |  1.0
Polearms       | 1 |  1.0
Staves         | 1 |  1.0
Slings         | 1 |  1.0
Bows           | 1 |  1.0
Crossbows      | 1 |  1.0
Throwing       | 1 |  1.0
Dodging        | 1 |  1.0
Shields        | 1 |  1.0
Unarmed Combat | 1 |  1.0
Spellcasting   | 1 |  1.0
Evocations     | 1 |  1.0
Fighting       | |  4.6
Armour         | |  2.6
Stealth        | |  4.2
Conjurations   | |  0.7
Hexes          | |  0.7
Charms         | |  0.7
Summonings     | |  0.7
Necromancy     | |  0.7
Translocations | |  0.7
Transmutations | |  0.7
Fire Magic     | |  0.7
Ice Magic      | |  0.7
Air Magic      | |  3.8
Earth Magic    | |  5.4
Poison Magic   | |  0.7

Action                   || total
-------------------------++-------
Melee: Dagger            ||   105
       Bite              ||     5
 Cast: Shock             ||     7
  Use: Scroll            ||     6
       Potion            ||     3
 Stab: Sleeping          ||     5
  Eat: Chunk             ||     1
Armor: Robe              ||    34
Dodge: Dodged            ||    92
